AoeStats
← CompaChuy

QS Arena

503764741Analyzed
4v4 RM · 29d ago on Sep 2, 2026· 64m 10s· 8 players
Game mode
Random Map
Map size
Large (8 player)
Population
200
Speed
Normal
Resources
Standard
Victory
Conquest
Starting age
Dark Age
Ending age
Imperial Age
RankedLock teamsTeams togetherTeam positionsShared explorationLock speedFull tech treeHidden civsTurbo modeCheats
Victory
Defeat
🇲🇽 Celts · Mexico
989
+12
🇲🇽 Britons · Mexico
987
+13
🇦🇷 Hindustanis · Argentina
892
+17
🇺🇸 Wei · United States
864
+18
🇵🇪 Gurjaras · Peru
933
-16
🇨🇴 Aztecs · Colombia
923
-16
🇺🇸 Khmer · United States
908
-15
🇻🇳 Britons · Vietnam
882
-14
kittarington
7:42 Feudal Age
8:15 Double-Bit Axe
9:22 Wheelbarrow
9:43 Horse Collar
15:24 Castle Age
14:55 Stone Mining
17:24 Gold Mining
19:02 Bow Saw
19:52 Hand Cart
19:25 Loom
19:29 Town Watch
19:50 Gold Mining
23:08 Forging
24:51 Iron Casting
24:18 Scale Mail Armor
25:06 Redemption
30:45 Imperial Age
29:29 Heavy Plow
29:51 Chain Mail Armor
29:25 Gambesons
29:40 Squires
29:26 Arson
30:50 Town Patrol
30:51 Capped Ram
35:04 Siege Ram
36:54 Plate Mail Armor
37:15 Crop Rotation
rampagingcarrot
8:00 Feudal Age
10:43 Castle Age
9:41 Double-Bit Axe
10:00 Loom
11:34 Bow Saw
16:54 Horse Collar
18:15 Heavy Plow
18:55 Gold Mining
19:26 Stone Mining
20:15 Gold Shaft Mining
21:23 Stone Shaft Mining
25:48 Imperial Age
25:13 Ballistics
25:09 Light Cavalry
25:50 Pikeman
26:38 Halberdier
28:11 Forging
28:02 Scale Mail Armor
31:02 Iron Casting
30:42 Chain Mail Armor
35:30 Blast Furnace
34:31 Padded Archer Armor
34:21 Fletching
34:36 Scale Barding Armor
38:10 Heavy Scorpion
41:28 Elite Skirmisher
42:05 Bodkin Arrow
42:25 Leather Archer Armor
42:30 Chain Barding Armor
42:14 Double Crossbow
42:15 Tusk Swords
43:10 Crossbowman
45:38 Caravan
46:51 Onager
49:08 Bracer
49:39 Ring Archer Armor
xinhdep15
0:27 Loom
9:43 Feudal Age
14:29 Castle Age
13:10 Double-Bit Axe
16:58 Gold Mining
18:17 Wheelbarrow
19:04 Horse Collar
21:42 Stone Mining
22:11 Bow Saw
30:44 Imperial Age
28:23 Fletching
29:21 Gold Shaft Mining
30:33 Bodkin Arrow
30:39 Padded Archer Armor
31:08 Yeomen
31:35 Hand Cart
33:06 Chemistry
32:27 Bracer
32:51 Leather Archer Armor
33:17 Ballistics
34:41 Ring Archer Armor
33:46 Elite Longbowman
40:11 Conscription
40:48 Onager
43:20 Heavy Scorpion
Gerar1309
1:17 Loom
7:34 Feudal Age
15:22 Castle Age
14:46 Horse Collar
15:09 Stone Mining
15:33 Forging
25:06 Scale Barding Armor
29:46 Imperial Age
27:50 Bloodlines
28:46 Wheelbarrow
28:03 Gold Mining
28:08 Town Watch
28:47 Scale Mail Armor
29:41 Kshatriyas
32:35 Gold Shaft Mining
33:22 Chemistry
32:56 Chain Mail Armor
33:21 Conscription
33:12 Treadmill Crane
34:21 Elite Chakram Thrower
35:10 Scale Barding Armor
35:08 Husbandry
36:27 Iron Casting
36:00 Heavy Plow
35:48 Double-Bit Axe
36:55 Plate Mail Armor
37:24 Hand Cart
40:55 Chain Barding Armor
41:14 Heavy Camel Rider
43:38 Plate Barding Armor
45:41 Arson
52:54 Elite Shrivamsha Rider
AntonioMX
8:22 Feudal Age
10:45 Loom
13:14 Castle Age
11:24 Double-Bit Axe
11:56 Horse Collar
12:56 Gold Mining
16:34 Bow Saw
20:21 Town Watch
21:47 Crossbowman
23:01 Coinage
23:41 Wheelbarrow
23:24 Fletching
23:35 Padded Archer Armor
24:05 Bodkin Arrow
24:17 Heavy Plow
27:51 Imperial Age
26:16 Ballistics
26:32 Hand Cart
26:47 Leather Archer Armor
27:56 Stone Mining
28:34 Yeomen
30:05 Chemistry
30:37 Two-Man Saw
29:46 Bracer
29:33 Arbalester
31:00 Gold Shaft Mining
30:56 Conscription
32:33 Ring Archer Armor
32:42 Scale Barding Armor
32:47 Forging
32:40 Light Cavalry
33:22 Husbandry
34:29 Siege Engineers
36:57 Chain Barding Armor
37:13 Iron Casting
36:32 Elite Skirmisher
39:29 Warwolf
40:05 Hoardings
48:09 Plate Barding Armor
48:35 Blast Furnace
50:10 Banking
49:51 Guilds
CompaChuy
9:36 Feudal Age
10:05 Double-Bit Axe
10:02 Horse Collar
10:23 Gold Mining
13:18 Wheelbarrow
18:07 Castle Age
19:18 Bow Saw
19:50 Gold Shaft Mining
19:18 Heavy Plow
21:58 Ballistics
29:16 Imperial Age
27:08 Hand Cart
27:21 Loom
30:16 Siege Engineers
32:47 Heavy Scorpion
35:37 Chemistry
34:47 Capped Ram
40:36 Furor Celtica
39:52 Siege Ram
44:37 Onager
51:32 Caravan
53:25 Siege Onager
61:23 Coinage
62:34 Banking
DQ
7:32 Loom
11:04 Feudal Age
12:20 Wheelbarrow
11:31 Double-Bit Axe
11:27 Horse Collar
11:43 Gold Mining
18:00 Castle Age
19:11 Hand Cart
19:09 Bow Saw
19:00 Heavy Plow
19:14 Caravan
19:52 Gold Shaft Mining
20:58 Town Watch
21:48 Forging
22:28 Town Patrol
27:54 Imperial Age
27:39 Iron Casting
27:04 Scale Mail Armor
28:24 Squires
28:09 Arson
27:45 Pikeman
27:45 Man-at-Arms
29:50 Halberdier
31:40 Blast Furnace
30:55 Chain Mail Armor
31:54 Crop Rotation
31:07 Long Swordsman
32:20 Padded Archer Armor
32:10 Fletching
32:24 Two-Handed Swordsman
33:15 Elite Skirmisher
36:30 Heavy Hei Guang Cavalry
37:11 Husbandry
43:12 Chemistry
42:35 Ballistics
42:27 Bodkin Arrow
42:48 Leather Archer Armor
48:05 Ring Archer Armor
47:35 Bracer
K.27
5:36 Loom
8:09 Feudal Age
7:23 Loom
15:26 Castle Age
13:28 Horse Collar
13:36 Double-Bit Axe
13:58 Scale Barding Armor
17:55 Bloodlines
17:48 Husbandry
18:54 Pikeman
23:54 Chain Barding Armor
28:04 Gold Mining
28:17 Heavy Plow
28:29 Bow Saw
33:21 Imperial Age
32:51 Forging
32:42 Scale Mail Armor
34:13 Heavy Camel Rider
37:26 Wheelbarrow
40:19 Imperial Camel Rider
45:18 Elite Skirmisher
48:47 Siege Elephant
Connection lost

Rejoining the realm…

Still unreachable

The connection could not be restored.

Session expired

The server has moved on; the page needs a fresh start.